 Dungeon Crawl Stone Soup version 0.17-a0-1479-g4041c36 (webtiles) character file.

832 emikaela the Cutter (level 7, -3/45 HPs)
             Began as an Octopode Wanderer on July 3, 2015.
             Was a Believer of Nemelex Xobeh.
             Slain by a wight
             ... wielding a +3 halberd
              (13 damage)
             ... on level 6 of the Dungeon.
             The game lasted 00:20:11 (5639 turns).

emikaela the Cutter (Octopode Wanderer)             Turns: 5639, Time: 00:20:11

Health: -3/45      AC:  2    Str:  9    XL:     7   Next: 98%
Magic:  9/9        EV:  7    Int: 13    God:    Nemelex Xobeh [**....]
Gold:   293        SH:  0    Dex: 17    Spells: 0 memorised, 6 levels left

rFire  . . .     SeeInvis .     a - +5 dagger (venom)
rCold  . . .     Clarity  .     (no shield)
rNeg   . . .     SustAt   +     (helmet restricted)
rPois  +         Gourm    .     (no amulet)
rElec  .         Spirit   .     i - ring of poison resistance
rCorr  .         Warding  .     E - ring of sustain attributes
rMut   .         Stasis   .     (no ring)
MR     .....                    (no ring)
Stlth  ++++......               (no ring)
                                (no ring)
                                (no ring)
                                (no ring)

@: drained, not resistant to hostile enchantments, stealthy
A: almost no armour, amphibious, 8 rings, constrict 8, camouflage 1, shaggy fur
1, slow healing 1, gelatinous body 1
a: Renounce Religion


You were on level 6 of the Dungeon.
You worshipped Nemelex Xobeh.
Nemelex Xobeh was pleased with you.
You were not hungry.

You visited 1 branch of the dungeon, and saw 6 of its levels.

You collected 293 gold pieces.

Inventory:

Hand weapons
 a - a +5 dagger of venom (weapon)
 b - a +3 hunting sling
Missiles
 f - 4 needles of paralysis
 j - 41 arrows
 k - 17 poisoned needles
 p - 129 stones
 q - 23 sling bullets
 v - 11 tomahawks (quivered)
 G - 8 arrows of dispersal
Jewellery
 i - a ring of poison resistance (left tentacle)
 E - a ring of sustain attributes (right tentacle)
Magical devices
 B - a wand of flame (18)
 F - a wand of hasting (5)
Scrolls
 n - 2 scrolls of enchant armour
 r - 2 scrolls of remove curse
 s - a scroll of fear
 u - a scroll of magic mapping {unknown}
 y - a scroll of teleportation {unknown}
 z - a scroll of recharging {unknown}
 H - 4 scrolls of identify
Potions
 c - 2 potions of lignification
 d - a potion of heal wounds
 h - 3 potions of curing
 m - 2 potions of brilliance
 x - a potion of ambrosia
 C - 2 potions of cure mutation
 D - a potion of resistance
Miscellaneous
 t - a plain deck of destruction {drawn: 3}
 A - a plain deck of destruction {drawn: 2}
Comestibles
 e - 6 bread rations
 g - 2 slices of pizza
 o - 4 meat rations
 w - 4 chunks of flesh


   Skills:
 - Level 2.6(1.7) Fighting
 * Level 7.6(6.6) Short Blades
 - Level 1.0(0.1) Throwing
 - Level 2.1(1.2) Dodging
 - Level 6.0(5.0) Stealth
 + Level 3.3(2.4) Evocations


You had 6 spell levels left.
You didn't know any spells.

Dungeon Overview and Level Annotations

Branches:
Dungeon (6/15)
 Temple: D:4-7

Altars:
Ashenzari
Cheibriados
Nemelex Xobeh
Trog
Jiyva


Innate Abilities, Weirdness & Mutations

You cannot wear most types of armour.
You are amphibious.
You can wear up to eight rings at the same time.
You can use your tentacles to constrict eight enemies at once.
Your skin changes colour to match your surroundings (Stealth).
Your rubbery body absorbs attacks (AC +1).
You are covered in fur (AC +1).
You heal slowly when monsters are visible.


Message History

You hit the wight but do no damage.
The wight is moderately damaged.
You constrict the wight, but do no damage.
You hit the wight but do no damage.
The wight is moderately damaged.
You constrict the wight, but do no damage.
The wight hits you with an enchanted falchion.
You feel drained.
You hit the wight.
The wight is heavily damaged.
You constrict the wight. You puncture the wight!
You destroy the wight!
The wight hits you from afar with an enchanted halberd!
You feel drained.
* * * LOW HITPOINT WARNING * * *
There is a stone staircase leading up here.
The wight hits you from afar with an enchanted halberd!
You die...
Your body disappears without a glow.

###.##.# #.##.#
..# #.##.# #.#
#.#..# #.#
#.#.## #.#
#.#.# #.#
##.#.# #.#
##.#..# #.#
####.###.####@#
#.>.## ##..z..#
#.##.###.######
.....###.#..#
#########.#.#
.........#.#
.....#####.#
### ..# ###


You could see a wight.

Vanquished Creatures
  Duvessa (D:5)
  An ice beast (D:5)
  An ogre (D:5)
  A water moccasin skeleton (D:4)
  A wight (D:6)
  A jelly (D:5)
  3 orc wizards
  Crazy Yiuf (D:3)
  Jessica (D:2)
  2 worker ants
  9 adders
  A giant eyeball (D:5)
  5 oozes
  3 worms
  16 orcs
  3 giant cockroaches
  10 goblins
  15 hobgoblins
  9 jackals
  16 kobolds
  2 quokkas (D:2)
  3 ball pythons
  12 bats
  2 giant geckos
  10 giant newts
  A quokka skeleton (D:4)
  7 rats
137 creatures vanquished.

Notes
Turn   | Place    | Note
--------------------------------------------------------------
     0 | D:1      | emikaela the Octopode Wanderer began the quest for the Orb.
     0 | D:1      | emikaela set off with: a +2 dagger, a scroll of fear, a potion of lignification, a +0 short sword, a bread ration
     0 | D:1      | Reached XP level 1. HP: 14/14 MP: 1/1
   140 | D:1      | Reached XP level 2. HP: 17/19 MP: 2/2
   629 | D:1      | Reached XP level 3. HP: 12/24 MP: 3/3
  1285 | D:2      | Noticed Jessica
  1408 | D:2      | Found a sparkling altar of Nemelex Xobeh.
  1528 | D:2      | Killed Jessica
  1528 | D:2      | Reached XP level 4. HP: 27/30 MP: 4/4
  1584 | D:2      | Became a worshipper of Nemelex Xobeh the Trickster
  2115 | D:3      | Received a gift from Nemelex Xobeh
  2280 | D:3      | Reached skill level 5 in Short Blades
  2280 | D:3      | Reached XP level 5. HP: 26/35 MP: 5/5
  2706 | D:3      | Noticed Crazy Yiuf
  2712 | D:3      | Killed Crazy Yiuf
  3127 | D:3      | Found a shattered altar of Ashenzari.
  3204 | D:3      | Reached skill level 5 in Stealth
  3355 | D:3      | Reached XP level 6. HP: 41/41 MP: 6/6
  3655 | D:4      | Reached skill level 6 in Short Blades
  3701 | D:4      | Received a gift from Nemelex Xobeh
  3848 | D:4      | Found a bloodstained altar of Trog.
  3849 | D:4      | Found a sparkling altar of Nemelex Xobeh.
  3897 | D:4      | Found a snail-covered altar of Cheibriados.
  4171 | D:5      | Entered Level 5 of the Dungeon
  4540 | D:5      | Found a viscous altar of Jiyva.
  4638 | D:5      | Reached skill level 1 in Evocations
  4661 | D:5      | Reached XP level 7. HP: 45/45 MP: 6/8
  4800 | D:5      | Noticed Duvessa
  4800 | D:5      | Noticed Dowan
  4811 | D:5      | Killed Duvessa
  4811 | D:5      | Reached skill level 7 in Short Blades
  4813 | D:5      | Noticed Dowan
  4813 | D:5      | Dowan changed into Dowan the worker ant
  4815 | D:5      | Killed Dowan the worker ant
  5288 | D:5      | Gained mutation: You are covered in fur (AC +1). [potion of mutation]
  5288 | D:5      | Gained mutation: You heal slowly when monsters are visible. [potion of mutation]
  5639 | D:6      | Slain by a wight

Vault maps used:
D:1:      lightli_arrival_flooded_house
D:2:      nemelex_lonely_heart_becter
D:3:      minmay_door_path, evilmike_ruin_ashenzari, uniq_crazy_yiuf_cottage,
          uniq_jessica
D:4:      gammafunk_temple_overflow_pools, first_bread, cheibriados_altar_1
D:5:      jiyva_altar_1, uniq_duvessa
D:6:      corexii_shack, uniq_eustachio, uniq_menkaure

Action                   |  1- 3 |  4- 6 |  7- 9 || total
-------------------------+-------+-------+-------++-------
Melee: Dagger            |    71 |   161 |    51 ||   283
 Fire: Hunting sling     |     3 |     8 |       ||    11
Throw: Tomahawk          |       |     1 |     2 ||     3
Evoke: Deck              |       |       |     5 ||     5
       Wand              |       |       |     1 ||     1
  Use: Scroll            |     2 |     7 |     6 ||    15
       Potion            |       |       |     1 ||     1
 Stab: Sleeping          |    11 |    13 |     5 ||    29
       Distracted        |       |     5 |     3 ||     8
  Eat: Chunk             |     2 |    10 |     3 ||    15
